Boston Bruins vs Vancouver Canucks
Created - Wednesday, April 12, 2023 at 07:14
Goals
|
| Boston Bruins |
0 |
1 |
1 |
1 |
3 |
| Vancouver Canucks |
0 |
0 |
2 |
0 |
2 |
|
Shots
|
| Boston Bruins |
11 |
10 |
10 |
1 |
32 |
| Vancouver Canucks |
12 |
6 |
8 |
0 |
26 |
|
1st period
No Goal
Penalties :
Noah Hanifin (VAN) for Holding (Minor) at 19:45
2nd period
1. Boston Bruins , Vincent Trocheck 12 (Phil Kessel 17, Samuel Girard 12) at 7:07
Penalties :
Matt Grzelcyk (BOS) for Delaying the game (Minor) at 13:20, Alex Formenton (VAN) for Diving (Minor) at 13:46, Sean Durzi (BOS) for Tripping (Minor) at 16:45
3rd period
2. Boston Bruins , Charlie McAvoy 5 (Samuel Girard 13, Joonas Donskoi 5) at 8:54 (PP)
3. Vancouver Canucks , Robby Fabbri 6 (Anton Lundell 8, Noah Hanifin 7) at 11:54
4. Vancouver Canucks , Clayton Keller 8 (Miro Heiskanen 11, Mikko Rantanen 13) at 13:24
Penalties :
Vincent Trocheck (BOS) for Tripping (Minor) at 0:22, Jake Bean (VAN) for Holding (Minor) at 8:03, Nikita Zadorov (VAN) for High sticking (Double Minor) at 14:40
Overtime #1
5. Boston Bruins , Vincent Trocheck 13 (Samuel Girard 14, Charlie McAvoy 12) at 0:14
Penalties :
No Penalty
Goalie Stats
Olivier Rodrigue (BOS), 24 saves from 26 shots - (0.923), W, 2-1-1, 60:14 minutes
Joonas Korpisalo (VAN), 29 saves from 32 shots - (0.906), OTL, 3-4-1, 60:14 minutes
Players Stats for Boston Bruins
Player Name G A P +/- PIM S H SB GA TA FO MP PP MP PK MP
------------------------------------------------------------------------------------
Anthony Beauvillier 0 0 0 0 0 2 3 0 1 0 0/2 11:08 0:40 1:18
Brock McGinn 0 0 0 -1 0 0 1 0 3 0 1/1 9:46 0:00 0:00
Charlie McAvoy 1 1 2 1 0 3 3 0 0 3 0/0 29:01 4:34 2:46
Danton Heinen 0 0 0 0 0 0 2 0 1 0 0/0 8:22 0:00 0:00
Joel Farabee 0 0 0 -1 0 2 0 0 0 0 0/0 17:10 2:46 0:48
Joonas Donskoi 0 1 1 -1 0 1 0 2 0 0 0/0 15:41 2:46 0:00
Mason Appleton 0 0 0 -1 0 1 1 0 0 0 0/0 11:23 0:47 0:00
Matt Grzelcyk 0 0 0 0 2 0 0 0 0 0 0/0 12:58 1:18 0:11
Morgan Geekie 0 0 0 -1 0 2 1 0 1 0 2/4 10:52 0:21 0:11
Nicholas Merkley 0 0 0 0 0 1 1 0 0 0 0/3 9:14 0:57 0:00
Pavel Zacha 0 0 0 1 0 3 4 0 1 1 1/1 18:47 3:17 1:31
Phil Kessel 0 1 1 2 0 2 2 2 0 0 2/2 22:18 3:32 2:24
Ryan Donato 0 0 0 -1 0 2 1 1 0 0 8/12 16:58 2:46 1:12
Samuel Girard 0 3 3 1 0 2 0 2 0 0 0/0 29:14 4:23 2:56
Sean Durzi 0 0 0 -1 2 0 0 1 0 1 0/0 19:16 2:15 0:37
Tyson Barrie 0 0 0 -1 0 0 0 0 0 2 0/0 20:08 2:15 1:28
Victor Mete 0 0 0 0 0 0 0 0 0 0 0/0 11:19 0:00 0:50
Vincent Trocheck 2 0 2 2 2 11 3 3 1 0 19/32 21:21 3:38 1:24
Players Stats for Vancouver Canucks
Player Name G A P +/- PIM S H SB GA TA FO MP PP MP PK MP
------------------------------------------------------------------------------------
Adam Boqvist 0 0 0 0 0 0 0 1 0 0 0/0 16:02 2:51 0:49
Aleksander Barkov 0 0 0 0 0 4 0 2 0 1 8/23 22:30 2:20 1:52
Alex Formenton 0 0 0 0 2 1 2 0 1 1 0/2 14:31 2:01 3:35
Anton Lundell 0 1 1 0 0 2 0 2 0 1 11/22 17:53 2:02 3:49
Artturi Lehkonen 0 0 0 0 0 3 1 2 0 0 0/1 14:18 0:02 0:25
Casey Mittelstadt 0 0 0 0 0 2 1 0 0 1 1/1 13:08 0:02 1:58
Clayton Keller 1 0 1 1 0 7 2 0 0 0 0/0 21:48 2:20 1:56
Jake Bean 0 0 0 0 2 0 0 0 0 0 0/0 15:12 1:33 2:41
Jesperi Kotkaniemi 0 0 0 0 0 0 2 0 0 1 3/5 10:46 0:00 1:26
Kasperi Kapanen 0 0 0 0 0 1 0 0 0 0 0/0 8:13 0:02 0:00
Mikko Rantanen 0 1 1 0 0 3 1 1 1 0 1/2 20:50 2:20 0:00
Miro Heiskanen 0 1 1 1 0 1 1 0 2 0 0/0 24:21 1:33 4:30
Nathan Smith 0 0 0 0 0 0 1 0 0 0 0/0 6:39 0:00 0:00
Nikita Zadorov 0 0 0 -1 4 0 1 0 0 0 0/0 18:25 0:00 0:02
Noah Hanifin 0 1 1 0 2 0 1 1 1 1 0/0 27:30 2:51 1:51
Olli Maatta 0 0 0 0 0 0 3 1 0 2 0/0 18:23 0:00 3:57
Robby Fabbri 1 0 1 0 0 2 1 0 2 0 0/1 14:56 2:02 0:09
Taylor Raddysh 0 0 0 0 0 0 0 1 0 0 0/0 6:39 0:00 0:00
3 Stars
1 - Vincent Trocheck (BOS)
2 - Charlie McAvoy (BOS)
3 - Samuel Girard (BOS)
Power Play
Boston Bruins - 1 on 5 Attempt(s) - 20.00%
Vancouver Canucks - 0 on 3 Attempt(s) - 0.00%
Penalty Kill
Boston Bruins - 3 on 3 Attempt(s) - 100.00%
- Score 0 goal in Penalty Kill
Vancouver Canucks - 4 on 5 Attempt(s) - 80.00%
- Score 0 goal in Penalty Kill
Team Stat
Boston Bruins - Hits : 22 - Faceoff Wins : 33 - Blocked Shots : 11 - Penalty Minutes : 6
Vancouver Canucks - Hits : 17 - Faceoff Wins : 24 - Blocked Shots : 11 - Penalty Minutes : 10
Official
Referees : Jean Hebert and Dennis LaRue
Linesman : Jay Sharrers and Jonny Murray
Game Notes
No Game Note
Finance
Level 1 -- Attendance: 4940 (82.33%) -- Ticket Income $489,060
Level 2 -- Attendance: 4114 (82.28%) -- Ticket Income $242,726
Level 3 -- Attendance: 2819 (93.97%) -- Ticket Income $95,846
Level 4 -- Attendance: 4062 (81.24%) -- Ticket Income $97,488
Luxury Box -- Attendance: 837 (83.70%) -- Ticket Income $166,563
Game was played at the American Airlines Center.
Total Attendance: 16772 (83.86%)
Total Ticket Income: $1,091,683
Other Income: $382,089
Total Income: $1,473,772
Boston Bruins
5 vs 5 Forward
Center Left Wing Right Wing Time % Phy DF OF
1 Vincent Trocheck Pavel Zacha Phil Kessel 40 1 2 2
2 Ryan Donato Joel Farabee Joonas Donskoi 30 1 2 2
3 Morgan Geekie Mason Appleton Brock McGinn 20 1 2 2
4 Nicholas Merkley Anthony Beauvillier Danton Heinen 10 1 2 2
5 vs 5 Defense
Defense Defense Time % Phy DF OF
1 Charlie McAvoy Samuel Girard 40 1 2 2
2 Tyson Barrie Sean Durzi 30 1 2 2
3 Matt Grzelcyk Victor Mete 20 1 2 2
4 Charlie McAvoy Samuel Girard 10 1 2 2
PowerPlay Forward
Center Left Wing Right Wing Time % Phy DF OF
1 Vincent Trocheck Pavel Zacha Phil Kessel 60 1 2 2
2 Ryan Donato Joel Farabee Joonas Donskoi 40 1 2 2
PowerPlay Defense
Defense Defense Time % Phy DF OF
1 Charlie McAvoy Samuel Girard 60 1 2 2
2 Tyson Barrie Sean Durzi 40 1 2 2
Penalty Kill 4 Players Forward
Center Wing Time % Phy DF OF
1 Vincent Trocheck Phil Kessel 60 1 2 2
2 Pavel Zacha Joel Farabee 40 1 2 2
Penalty Kill 4 Players Defense
Defense Defense Time % Phy DF OF
1 Charlie McAvoy Samuel Girard 60 1 2 2
2 Tyson Barrie Sean Durzi 40 1 2 2
Penalty Kill - 3 Players Forward
Forward Time % Phy DF OF
1 Vincent Trocheck 60 1 2 2
2 Phil Kessel 40 1 2 2
Penalty Kill - 3 Players Defense
Defense Defense Time % Phy DF OF
1 Charlie McAvoy Samuel Girard 60 1 2 2
2 Tyson Barrie Sean Durzi 40 1 2 2
4 vs 4 Forward
Center Wing Time % Phy DF OF
1 Vincent Trocheck Phil Kessel 60 1 2 2
2 Pavel Zacha Joel Farabee 40 1 2 2
4 vs 4 Defense
Defense Defense Time % Phy DF OF
1 Charlie McAvoy Samuel Girard 60 1 2 2
2 Tyson Barrie Sean Durzi 40 1 2 2
Last Minutes Offensive
Center Left Wing Right Wing Defense Defense
Vincent Trocheck Pavel Zacha Phil Kessel Charlie McAvoy Samuel Girard
Last Minutes Defensive
Center Left Wing Right Wing Defense Defense
Vincent Trocheck Pavel Zacha Phil Kessel Charlie McAvoy Samuel Girard
Goaltenders
Starting : Olivier Rodrigue
Backup : David Rittich
Extra Forwards
Normal : Mason Appleton, Joel Farabee, Anthony Beauvillier - PP : Mason Appleton, Joel Farabee - PK : Anthony Beauvillier
Extra Defensemen
Normal : Matt Grzelcyk, Victor Mete, Tyson Barrie - PP : Matt Grzelcyk - PK : Victor Mete, Tyson Barrie
Penalty Shots
Vincent Trocheck, Phil Kessel, Pavel Zacha, Joel Farabee, Ryan Donato
Vancouver Canucks
5 vs 5 Forward
Center Left Wing Right Wing Time % Phy DF OF
1 Aleksander Barkov Clayton Keller Mikko Rantanen 40 1 2 2
2 Anton Lundell Robby Fabbri Artturi Lehkonen 30 1 2 2
3 Jesperi Kotkaniemi Alex Formenton Casey Mittelstadt 20 1 2 2
4 Nathan Smith Kasperi Kapanen Taylor Raddysh 10 1 2 2
5 vs 5 Defense
Defense Defense Time % Phy DF OF
1 Miro Heiskanen Noah Hanifin 40 1 2 2
2 Nikita Zadorov Olli Maatta 30 1 2 2
3 Jake Bean Adam Boqvist 20 1 2 2
4 Nikita Zadorov Noah Hanifin 10 1 2 2
PowerPlay Forward
Center Left Wing Right Wing Time % Phy DF OF
1 Aleksander Barkov Clayton Keller Mikko Rantanen 60 1 2 2
2 Anton Lundell Robby Fabbri Alex Formenton 40 1 2 2
PowerPlay Defense
Defense Defense Time % Phy DF OF
1 Adam Boqvist Noah Hanifin 60 1 2 2
2 Jake Bean Miro Heiskanen 40 1 2 2
Penalty Kill 4 Players Forward
Center Wing Time % Phy DF OF
1 Anton Lundell Alex Formenton 60 1 2 2
2 Aleksander Barkov Clayton Keller 40 1 2 2
Penalty Kill 4 Players Defense
Defense Defense Time % Phy DF OF
1 Miro Heiskanen Olli Maatta 60 1 2 2
2 Noah Hanifin Jake Bean 40 1 2 2
Penalty Kill - 3 Players Forward
Forward Time % Phy DF OF
1 Anton Lundell 60 1 2 2
2 Aleksander Barkov 40 1 2 2
Penalty Kill - 3 Players Defense
Defense Defense Time % Phy DF OF
1 Miro Heiskanen Olli Maatta 60 1 2 2
2 Noah Hanifin Jake Bean 40 1 2 2
4 vs 4 Forward
Center Wing Time % Phy DF OF
1 Aleksander Barkov Mikko Rantanen 60 1 2 2
2 Robby Fabbri Clayton Keller 40 1 2 2
4 vs 4 Defense
Defense Defense Time % Phy DF OF
1 Nikita Zadorov Noah Hanifin 60 1 2 2
2 Miro Heiskanen Adam Boqvist 40 1 2 2
Last Minutes Offensive
Center Left Wing Right Wing Defense Defense
Aleksander Barkov Clayton Keller Mikko Rantanen Miro Heiskanen Noah Hanifin
Last Minutes Defensive
Center Left Wing Right Wing Defense Defense
Anton Lundell Alex Formenton Clayton Keller Miro Heiskanen Olli Maatta
Goaltenders
Starting : Joonas Korpisalo
Backup : Ville Husso
Extra Forwards
Normal : Aleksander Barkov, Mikko Rantanen, Clayton Keller - PP : Robby Fabbri, Kasperi Kapanen - PK : Aleksander Barkov
Extra Defensemen
Normal : Nikita Zadorov, Noah Hanifin, Miro Heiskanen - PP : Adam Boqvist - PK : Olli Maatta, Jake Bean
Penalty Shots
Aleksander Barkov, Mikko Rantanen, Anton Lundell, Jake Bean, Miro Heiskanen
% Time on Ice - Boston Bruins
Lines # - Real PCT - Wanted PCT - Time Play
Normal Forward
1 - 34% - 40% - 15:59
2 - 28% - 30% - 12:53
3 - 21% - 20% - 9:46
4 - 17% - 10% - 8:10
Normal Defense
1 - 40% - 40% - 18:32
2 - 33% - 30% - 15:38
3 - 22% - 20% - 10:29
4 - 5% - 10% - 2:09
PP Forward
1 - 57% - 60% - 4:09
2 - 43% - 40% - 3:06
PP Defense
1 - 69% - 60% - 5:00
2 - 31% - 40% - 2:15
PK Forward
1 - 84% - 60% - 3:41
2 - 16% - 40% - 0:43
PK Defense
1 - 63% - 60% - 2:46
2 - 37% - 40% - 1:38
PK3 Forward
1 - 0% - 60%
2 - 0% - 40%
PK3 Defense
1 - 0% - 60%
2 - 0% - 40%
44 Forward
1 - 93% - 60% - 1:39
2 - 7% - 40% - 0:08
44 Defense
1 - 56% - 60% - 1:00
2 - 44% - 40% - 0:47
Last Minute Offensive - 0:00
Last Minute Defensive - 0:00
Total
Forward - 60:14
Defense - 60:14
|
% Time on Ice - Vancouver Canucks
Lines # - Real PCT - Wanted PCT - Time Play
Normal Forward
1 - 41% - 40% - 19:02
2 - 26% - 30% - 12:13
3 - 19% - 20% - 8:54
4 - 14% - 10% - 6:39
Normal Defense
1 - 40% - 40% - 18:43
2 - 32% - 30% - 14:59
3 - 21% - 20% - 10:01
4 - 7% - 10% - 3:05
PP Forward
1 - 54% - 60% - 2:22
2 - 46% - 40% - 2:02
PP Defense
1 - 65% - 60% - 2:51
2 - 35% - 40% - 1:33
PK Forward
1 - 84% - 60% - 6:06
2 - 16% - 40% - 1:09
PK Defense
1 - 57% - 60% - 4:06
2 - 43% - 40% - 3:09
PK3 Forward
1 - 0% - 60%
2 - 0% - 40%
PK3 Defense
1 - 0% - 60%
2 - 0% - 40%
44 Forward
1 - 83% - 60% - 1:29
2 - 17% - 40% - 0:18
44 Defense
1 - 65% - 60% - 1:10
2 - 35% - 40% - 0:37
Last Minute Offensive - 0:00
Last Minute Defensive - 0:00
Total
Forward - 60:14
Defense - 60:14
|
Play-by-Play
1st period
0:01 of 1st period - Pavel Zacha wins face-off versus Aleksander Barkov in neutral zone.
0:26 of 1st period - Noah Hanifin is hit by Charlie McAvoy and loses puck.
1:11 of 1st period - Danton Heinen is hit by Nikita Zadorov.
1:32 of 1st period - Wrist shot by Ryan Donato.
1:32 of 1st period - Deflect By Joonas Donskoi.
1:32 of 1st period - Stopped by Joonas Korpisalo without a rebound.
1:33 of 1st period - Ryan Donato wins face-off versus Aleksander Barkov in Vancouver Canucks zone.
2:25 of 1st period - Wrist shot by Clayton Keller.
2:25 of 1st period - Shot Misses the Net.
2:49 of 1st period - Wrist shot by Aleksander Barkov.
2:49 of 1st period - Stopped by Olivier Rodrigue with a rebound.
3:37 of 1st period - Snap shot by Clayton Keller.
3:37 of 1st period - Shot Misses the Net.
3:43 of 1st period - Snap shot by Joel Farabee.
3:43 of 1st period - Shot Misses the Net.
3:45 of 1st period - Snap shot by Ryan Donato.
3:45 of 1st period - Shot Blocked by Aleksander Barkov.
3:47 of 1st period - Wrist shot by Ryan Donato.
3:47 of 1st period - Stopped by Joonas Korpisalo with a rebound.
3:49 of 1st period - Snap shot by Samuel Girard.
3:49 of 1st period - Stopped by Joonas Korpisalo with a rebound.
3:57 of 1st period - Slapshot by Aleksander Barkov.
3:57 of 1st period - Shot Blocked by Joonas Donskoi.
4:03 of 1st period - Snap shot by Joel Farabee.
4:03 of 1st period - Stopped by Joonas Korpisalo without a rebound.
4:04 of 1st period - Anton Lundell wins face-off versus Vincent Trocheck in Vancouver Canucks zone.
4:31 of 1st period - Alex Formenton is hit by Morgan Geekie and loses puck.
4:58 of 1st period - Snap shot by Danton Heinen.
4:58 of 1st period - Shot Misses the Net.
5:16 of 1st period - Snap shot by Vincent Trocheck.
5:16 of 1st period - Stopped by Joonas Korpisalo with a rebound.
5:35 of 1st period - Icing by Alex Formenton.
5:36 of 1st period - Jesperi Kotkaniemi wins face-off versus Nicholas Merkley in Vancouver Canucks zone.
6:01 of 1st period - Anton Lundell is hit by Pavel Zacha and loses puck.
6:30 of 1st period - Wrist shot by Morgan Geekie.
6:30 of 1st period - Stopped by Joonas Korpisalo without a rebound.
6:31 of 1st period - Vincent Trocheck wins face-off versus Anton Lundell in Vancouver Canucks zone.
6:37 of 1st period - Icing by Anton Lundell.
6:38 of 1st period - Vincent Trocheck wins face-off versus Anton Lundell in Vancouver Canucks zone.
6:53 of 1st period - Wrist shot by Phil Kessel.
6:53 of 1st period - Stopped by Joonas Korpisalo without a rebound.
6:54 of 1st period - Jesperi Kotkaniemi wins face-off versus Morgan Geekie in Vancouver Canucks zone.
7:47 of 1st period - Slapshot by Clayton Keller.
7:47 of 1st period - Shot Misses the Net.
7:49 of 1st period - Wrist shot by Mikko Rantanen.
7:49 of 1st period - Deflect By Aleksander Barkov.
7:49 of 1st period - Stopped by Olivier Rodrigue with a rebound.
8:14 of 1st period - Wrist shot by Ryan Donato.
8:14 of 1st period - Shot Misses the Net.
9:09 of 1st period - Snap shot by Brock McGinn.
9:09 of 1st period - Deflect By Anthony Beauvillier.
9:09 of 1st period - Shot Misses the Net.
9:09 of 1st period - Puck is out of play.
9:10 of 1st period - Aleksander Barkov wins face-off versus Nicholas Merkley in Vancouver Canucks zone.
9:47 of 1st period - Snap shot by Clayton Keller.
9:47 of 1st period - Shot Misses the Net.
9:49 of 1st period - Snap shot by Aleksander Barkov.
9:49 of 1st period - Shot Misses the Net.
9:51 of 1st period - Slapshot by Noah Hanifin.
9:51 of 1st period - Shot Misses the Net.
9:53 of 1st period - Slapshot by Aleksander Barkov.
9:53 of 1st period - Stopped by Olivier Rodrigue with a rebound.
10:03 of 1st period - Snap shot by Clayton Keller.
10:03 of 1st period - Shot Hit the Post.
10:15 of 1st period - Slapshot by Nicholas Merkley.
10:15 of 1st period - Deflect By Anthony Beauvillier.
10:15 of 1st period - Stopped by Joonas Korpisalo without a rebound.
10:16 of 1st period - Anton Lundell wins face-off versus Vincent Trocheck in Vancouver Canucks zone.
10:24 of 1st period - Icing by Sean Durzi.
10:25 of 1st period - Vincent Trocheck wins face-off versus Anton Lundell in Boston Bruins zone.
10:46 of 1st period - Wrist shot by Artturi Lehkonen.
10:46 of 1st period - Stopped by Olivier Rodrigue with a rebound.
10:48 of 1st period - Backhand shot by Miro Heiskanen.
10:48 of 1st period - Shot Misses the Net.
10:50 of 1st period - Slapshot by Noah Hanifin.
10:50 of 1st period - Shot Blocked by Vincent Trocheck.
11:10 of 1st period - Snap shot by Anton Lundell.
11:10 of 1st period - Deflect By Robby Fabbri.
11:10 of 1st period - Shot Blocked by Vincent Trocheck.
11:10 of 1st period - Puck is out of play.
11:11 of 1st period - Morgan Geekie wins face-off versus Alex Formenton in Boston Bruins zone.
11:40 of 1st period - Icing by Nikita Zadorov.
11:41 of 1st period - Ryan Donato wins face-off versus Aleksander Barkov in Vancouver Canucks zone.
12:11 of 1st period - Snap shot by Clayton Keller.
12:11 of 1st period - Stopped by Olivier Rodrigue with a rebound.
12:27 of 1st period - Jake Bean is hit by Charlie McAvoy and loses puck.
12:44 of 1st period - Snap shot by Ryan Donato.
12:44 of 1st period - Shot Misses the Net.
12:56 of 1st period - Snap shot by Aleksander Barkov.
12:56 of 1st period - Shot Misses the Net.
12:58 of 1st period - Wrist shot by Aleksander Barkov.
12:58 of 1st period - Deflect By Mikko Rantanen.
12:58 of 1st period - Shot Misses the Net.
12:58 of 1st period - Puck is out of play.
12:59 of 1st period - Vincent Trocheck wins face-off versus Anton Lundell in Boston Bruins zone.
13:50 of 1st period - Olli Maatta is hit by Mason Appleton and loses puck.
14:13 of 1st period - Slapshot by Vincent Trocheck.
14:13 of 1st period - Stopped by Joonas Korpisalo with a rebound.
14:15 of 1st period - Slapshot by Vincent Trocheck.
14:15 of 1st period - Stopped by Joonas Korpisalo without a rebound.
14:16 of 1st period - Vincent Trocheck wins face-off versus Jesperi Kotkaniemi in Vancouver Canucks zone.
14:52 of 1st period - Snap shot by Robby Fabbri.
14:52 of 1st period - Stopped by Olivier Rodrigue with a rebound.
14:54 of 1st period - Backhand shot by Artturi Lehkonen.
14:54 of 1st period - Stopped by Olivier Rodrigue with a rebound.
14:56 of 1st period - Wrist shot by Artturi Lehkonen.
14:56 of 1st period - Stopped by Olivier Rodrigue with a rebound.
15:54 of 1st period - Icing by Clayton Keller.
15:55 of 1st period - Mikko Rantanen wins face-off versus Morgan Geekie in Vancouver Canucks zone.
16:04 of 1st period - Snap shot by Clayton Keller.
16:04 of 1st period - Stopped by Olivier Rodrigue with a rebound.
16:49 of 1st period - Snap shot by Ryan Donato.
16:49 of 1st period - Shot Misses the Net.
17:04 of 1st period - Wrist shot by Anton Lundell.
17:04 of 1st period - Stopped by Olivier Rodrigue with a rebound.
17:46 of 1st period - Taylor Raddysh is hit by Charlie McAvoy and loses puck.
18:17 of 1st period - Snap shot by Ryan Donato.
18:17 of 1st period - Stopped by Joonas Korpisalo with a rebound.
18:29 of 1st period - Wrist shot by Casey Mittelstadt.
18:29 of 1st period - Stopped by Olivier Rodrigue with a rebound.
18:31 of 1st period - Wrist shot by Alex Formenton.
18:31 of 1st period - Shot Misses the Net.
19:39 of 1st period - Snap shot by Ryan Donato.
19:39 of 1st period - Shot Misses the Net.
19:45 of 1st period - Minor Penalty to Noah Hanifin for Holding.
19:46 of 1st period - Anton Lundell wins face-off versus Vincent Trocheck in Vancouver Canucks zone.
19:53 of 1st period - Snap shot by Alex Formenton.
19:53 of 1st period - Shot Blocked by Vincent Trocheck.
19:55 of 1st period - Slapshot by Alex Formenton.
19:55 of 1st period - Deflect By Anton Lundell.
19:55 of 1st period - Stopped by Olivier Rodrigue without a rebound.
19:56 of 1st period - Anton Lundell wins face-off versus Vincent Trocheck in Boston Bruins zone.
Goals for this period are 0 for Boston Bruins vs 0 for Vancouver Canucks.
Shots for this period are 11 for Boston Bruins vs 12 for Vancouver Canucks.
2nd period
0:01 of 2nd period - Vincent Trocheck wins face-off versus Alex Formenton in neutral zone.
1:45 of 2nd period - Penalty to Noah Hanifin is over, Noah Hanifin is back on ice.
2:52 of 2nd period - Snap shot by Kasperi Kapanen.
2:52 of 2nd period - Shot Blocked by Phil Kessel.
4:36 of 2nd period - Olli Maatta is hit by Nicholas Merkley and loses puck.
4:45 of 2nd period - Alex Formenton is hit by Danton Heinen.
5:02 of 2nd period - Wrist shot by Joel Farabee.
5:02 of 2nd period - Stopped by Joonas Korpisalo without a rebound.
5:03 of 2nd period - Phil Kessel wins face-off versus Aleksander Barkov in Vancouver Canucks zone.
5:35 of 2nd period - Wrist shot by Pavel Zacha.
5:35 of 2nd period - Stopped by Joonas Korpisalo without a rebound.
5:36 of 2nd period - Ryan Donato wins face-off versus Robby Fabbri in Vancouver Canucks zone.
5:39 of 2nd period - Snap shot by Joel Farabee.
5:39 of 2nd period - Shot Misses the Net.
5:43 of 2nd period - Snap shot by Ryan Donato.
5:43 of 2nd period - Shot Blocked by Anton Lundell.
6:01 of 2nd period - Matt Grzelcyk is hit by Olli Maatta and loses puck.
6:30 of 2nd period - Snap shot by Vincent Trocheck.
6:30 of 2nd period - Stopped by Joonas Korpisalo with a rebound.
6:32 of 2nd period - Snap shot by Pavel Zacha.
6:32 of 2nd period - Stopped by Joonas Korpisalo without a rebound.
6:33 of 2nd period - Ryan Donato wins face-off versus Aleksander Barkov in Vancouver Canucks zone.
6:46 of 2nd period - Wrist shot by Clayton Keller.
6:46 of 2nd period - Shot Blocked by Samuel Girard.
7:05 of 2nd period - Wrist shot by Phil Kessel.
7:05 of 2nd period - Stopped by Joonas Korpisalo with a rebound.
7:07 of 2nd period - Slapshot by Phil Kessel.
7:07 of 2nd period - Deflect By Vincent Trocheck.
7:07 of 2nd period - Goal by Vincent Trocheck - Boston Bruins : 1 - Vancouver Canucks : 0.
7:08 of 2nd period - Aleksander Barkov wins face-off versus Vincent Trocheck in neutral zone.
7:23 of 2nd period - Wrist shot by Clayton Keller.
7:23 of 2nd period - Stopped by Olivier Rodrigue with a rebound.
7:35 of 2nd period - Artturi Lehkonen is hit by Ryan Donato and loses puck.
7:45 of 2nd period - Joonas Donskoi is hit by Artturi Lehkonen and loses puck.
8:02 of 2nd period - Snap shot by Charlie McAvoy.
8:02 of 2nd period - Shot Blocked by Taylor Raddysh.
8:04 of 2nd period - Slapshot by Samuel Girard.
8:04 of 2nd period - Shot Misses the Net.
8:06 of 2nd period - Slapshot by Brock McGinn.
8:06 of 2nd period - Shot Blocked by Olli Maatta.
8:22 of 2nd period - Casey Mittelstadt is hit by Anthony Beauvillier and loses puck.
9:25 of 2nd period - Icing by Danton Heinen.
9:26 of 2nd period - Anton Lundell wins face-off versus Nicholas Merkley in Boston Bruins zone.
9:33 of 2nd period - Slapshot by Danton Heinen.
9:33 of 2nd period - Shot Misses the Net.
9:37 of 2nd period - Slapshot by Nicholas Merkley.
9:37 of 2nd period - Shot Blocked by Artturi Lehkonen.
9:39 of 2nd period - Wrist shot by Nicholas Merkley.
9:39 of 2nd period - Stopped by Joonas Korpisalo without a rebound.
9:40 of 2nd period - Vincent Trocheck wins face-off versus Aleksander Barkov in Vancouver Canucks zone.
9:47 of 2nd period - Snap shot by Vincent Trocheck.
9:47 of 2nd period - Stopped by Joonas Korpisalo without a rebound.
9:48 of 2nd period - Vincent Trocheck wins face-off versus Aleksander Barkov in Vancouver Canucks zone.
10:59 of 2nd period - Kasperi Kapanen is hit by Vincent Trocheck and loses puck.
11:10 of 2nd period - Pavel Zacha is hit by Olli Maatta and loses puck.
11:53 of 2nd period - Wrist shot by Mikko Rantanen.
11:53 of 2nd period - Shot Blocked by Joonas Donskoi.
12:09 of 2nd period - Wrist shot by Robby Fabbri.
12:09 of 2nd period - Deflect By Artturi Lehkonen.
12:09 of 2nd period - Deflect By Tyson Barrie.
12:09 of 2nd period - Shot Misses the Net.
12:09 of 2nd period - Puck is out of play.
12:10 of 2nd period - Jesperi Kotkaniemi wins face-off versus Vincent Trocheck in Boston Bruins zone.
12:11 of 2nd period - Snap shot by Casey Mittelstadt.
12:11 of 2nd period - Stopped by Olivier Rodrigue without a rebound.
12:12 of 2nd period - Vincent Trocheck wins face-off versus Jesperi Kotkaniemi in Boston Bruins zone.
12:12 of 2nd period - Vincent Trocheck is hit by Jesperi Kotkaniemi.
12:34 of 2nd period - Phil Kessel is hit by Alex Formenton and loses puck.
12:43 of 2nd period - Snap shot by Casey Mittelstadt.
12:43 of 2nd period - Shot Blocked by Samuel Girard.
12:57 of 2nd period - Snap shot by Casey Mittelstadt.
12:57 of 2nd period - Shot Misses the Net.
12:59 of 2nd period - Slapshot by Miro Heiskanen.
12:59 of 2nd period - Shot Misses the Net.
13:01 of 2nd period - Snap shot by Alex Formenton.
13:01 of 2nd period - Shot Misses the Net.
13:03 of 2nd period - Wrist shot by Alex Formenton.
13:03 of 2nd period - Stopped by Olivier Rodrigue with a rebound.
13:05 of 2nd period - Wrist shot by Jesperi Kotkaniemi.
13:05 of 2nd period - Shot Misses the Net.
13:09 of 2nd period - Slapshot by Alex Formenton.
13:09 of 2nd period - Shot Misses the Net.
13:11 of 2nd period - Snap shot by Noah Hanifin.
13:11 of 2nd period - Deflect By Jesperi Kotkaniemi.
13:11 of 2nd period - Shot Misses the Net.
13:11 of 2nd period - Puck is out of play.
13:12 of 2nd period - Aleksander Barkov wins face-off versus Ryan Donato in Boston Bruins zone.
13:20 of 2nd period - Minor Penalty to Matt Grzelcyk for Delaying the game.
13:21 of 2nd period - Vincent Trocheck wins face-off versus Aleksander Barkov in Boston Bruins zone.
13:32 of 2nd period - Icing by Aleksander Barkov.
13:33 of 2nd period - Vincent Trocheck wins face-off versus Aleksander Barkov in Vancouver Canucks zone.
13:46 of 2nd period - Minor Penalty to Alex Formenton for Diving.
13:47 of 2nd period - Aleksander Barkov wins face-off versus Vincent Trocheck in Vancouver Canucks zone.
15:20 of 2nd period - Penalty to Matt Grzelcyk is over, Matt Grzelcyk is back on ice.
15:24 of 2nd period - Snap shot by Casey Mittelstadt.
15:24 of 2nd period - Shot Misses the Net.
15:34 of 2nd period - Slapshot by Charlie McAvoy.
15:34 of 2nd period - Stopped by Joonas Korpisalo without a rebound.
15:35 of 2nd period - Ryan Donato wins face-off versus Anton Lundell in Vancouver Canucks zone.
15:36 of 2nd period - Snap shot by Joel Farabee.
15:36 of 2nd period - Deflect By Ryan Donato.
15:36 of 2nd period - Shot Blocked by Anton Lundell.
15:36 of 2nd period - Puck is out of play.
15:37 of 2nd period - Anton Lundell wins face-off versus Ryan Donato in Vancouver Canucks zone.
15:46 of 2nd period - Penalty to Alex Formenton is over, Alex Formenton is back on ice.
15:46 of 2nd period - Slapshot by Casey Mittelstadt.
15:46 of 2nd period - Deflect By Anton Lundell.
15:46 of 2nd period - Shot Blocked by Ryan Donato.
15:46 of 2nd period - Puck is out of play.
15:47 of 2nd period - Ryan Donato wins face-off versus Aleksander Barkov in Boston Bruins zone.
15:52 of 2nd period - Wrist shot by Clayton Keller.
15:52 of 2nd period - Shot Misses the Net.
15:54 of 2nd period - Slapshot by Clayton Keller.
15:54 of 2nd period - Stopped by Olivier Rodrigue without a rebound.
15:55 of 2nd period - Ryan Donato wins face-off versus Aleksander Barkov in Boston Bruins zone.
16:34 of 2nd period - Snap shot by Aleksander Barkov.
16:34 of 2nd period - Shot Misses the Net.
16:36 of 2nd period - Wrist shot by Clayton Keller.
16:36 of 2nd period - Stopped by Olivier Rodrigue with a rebound.
16:38 of 2nd period - Snap shot by Noah Hanifin.
16:38 of 2nd period - Shot Misses the Net.
16:40 of 2nd period - Slapshot by Mikko Rantanen.
16:40 of 2nd period - Stopped by Olivier Rodrigue with a rebound.
16:42 of 2nd period - Snap shot by Mikko Rantanen.
16:42 of 2nd period - Deflect By Ryan Donato.
16:42 of 2nd period - Shot Misses the Net.
16:42 of 2nd period - Puck is out of play.
16:43 of 2nd period - Vincent Trocheck wins face-off versus Artturi Lehkonen in Boston Bruins zone.
16:45 of 2nd period - Minor Penalty to Sean Durzi for Tripping.
16:46 of 2nd period - Vincent Trocheck wins face-off versus Anton Lundell in Boston Bruins zone.
17:56 of 2nd period - Robby Fabbri is hit by Pavel Zacha and loses puck.
18:45 of 2nd period - Penalty to Sean Durzi is over, Sean Durzi is back on ice.
19:27 of 2nd period - Slapshot by Vincent Trocheck.
19:27 of 2nd period - Shot Misses the Net.
19:29 of 2nd period - Wrist shot by Matt Grzelcyk.
19:29 of 2nd period - Shot Blocked by Artturi Lehkonen.
19:49 of 2nd period - Slapshot by Phil Kessel.
19:49 of 2nd period - Shot Misses the Net.
19:51 of 2nd period - Slapshot by Tyson Barrie.
19:51 of 2nd period - Shot Misses the Net.
19:53 of 2nd period - Snap shot by Vincent Trocheck.
19:53 of 2nd period - Shot Blocked by Adam Boqvist.
19:59 of 2nd period - Wrist shot by Vincent Trocheck.
19:59 of 2nd period - Stopped by Joonas Korpisalo with a rebound.
Goals for this period are 1 for Boston Bruins vs 0 for Vancouver Canucks.
Shots for this period are 10 for Boston Bruins vs 6 for Vancouver Canucks.
3rd period
0:01 of 3rd period - Anton Lundell wins face-off versus Vincent Trocheck in neutral zone.
0:22 of 3rd period - Minor Penalty to Vincent Trocheck for Tripping.
0:23 of 3rd period - Aleksander Barkov wins face-off versus Anthony Beauvillier in Boston Bruins zone.
0:50 of 3rd period - Adam Boqvist is hit by Phil Kessel and loses puck.
2:22 of 3rd period - Penalty to Vincent Trocheck is over, Vincent Trocheck is back on ice.
2:26 of 3rd period - Sean Durzi is hit by Clayton Keller and loses puck.
2:53 of 3rd period - Ryan Donato is hit by Jesperi Kotkaniemi.
3:29 of 3rd period - Snap shot by Kasperi Kapanen.
3:29 of 3rd period - Stopped by Olivier Rodrigue with a rebound.
3:47 of 3rd period - Wrist shot by Anthony Beauvillier.
3:47 of 3rd period - Deflect By Casey Mittelstadt.
3:47 of 3rd period - Stopped by Joonas Korpisalo without a rebound.
3:48 of 3rd period - Casey Mittelstadt wins face-off versus Anthony Beauvillier in Vancouver Canucks zone.
4:12 of 3rd period - Brock McGinn is hit by Clayton Keller and loses puck.
4:28 of 3rd period - Icing by Aleksander Barkov.
4:29 of 3rd period - Ryan Donato wins face-off versus Anton Lundell in Vancouver Canucks zone.
4:54 of 3rd period - Clayton Keller is hit by Vincent Trocheck and loses puck.
5:01 of 3rd period - Snap shot by Vincent Trocheck.
5:01 of 3rd period - Shot Misses the Net.
5:03 of 3rd period - Snap shot by Vincent Trocheck.
5:03 of 3rd period - Stopped by Joonas Korpisalo with a rebound.
5:05 of 3rd period - Slapshot by Matt Grzelcyk.
5:05 of 3rd period - Shot Misses the Net.
5:15 of 3rd period - Morgan Geekie is hit by Nathan Smith and loses puck.
5:38 of 3rd period - Jesperi Kotkaniemi is hit by Danton Heinen and loses puck.
6:05 of 3rd period - Wrist shot by Aleksander Barkov.
6:05 of 3rd period - Stopped by Olivier Rodrigue with a rebound.
6:11 of 3rd period - Slapshot by Samuel Girard.
6:11 of 3rd period - Stopped by Joonas Korpisalo without a rebound.
6:12 of 3rd period - Anton Lundell wins face-off versus Vincent Trocheck in Vancouver Canucks zone.
6:19 of 3rd period - Off-side.
6:20 of 3rd period - Phil Kessel wins face-off versus Anton Lundell in neutral zone.
6:25 of 3rd period - Noah Hanifin is hit by Pavel Zacha and loses puck.
6:34 of 3rd period - Wrist shot by Miro Heiskanen.
6:34 of 3rd period - Deflect By Artturi Lehkonen.
6:34 of 3rd period - Deflect By Charlie McAvoy.
6:34 of 3rd period - Shot Hit the Post.
6:34 of 3rd period - Puck is out of play.
6:35 of 3rd period - Aleksander Barkov wins face-off versus Ryan Donato in Boston Bruins zone.
6:48 of 3rd period - Snap shot by Joel Farabee.
6:48 of 3rd period - Shot Misses the Net.
7:02 of 3rd period - Charlie McAvoy is hit by Miro Heiskanen.
7:08 of 3rd period - Anton Lundell is hit by Pavel Zacha and loses puck.
7:12 of 3rd period - Noah Hanifin is hit by Vincent Trocheck and loses puck.
7:32 of 3rd period - Snap shot by Casey Mittelstadt.
7:32 of 3rd period - Shot Blocked by Sean Durzi.
7:48 of 3rd period - Snap shot by Morgan Geekie.
7:48 of 3rd period - Deflect By Nikita Zadorov.
7:48 of 3rd period - Stopped by Joonas Korpisalo without a rebound.
7:49 of 3rd period - Brock McGinn wins face-off versus Aleksander Barkov in Vancouver Canucks zone.
7:50 of 3rd period - Slapshot by Mason Appleton.
7:50 of 3rd period - Stopped by Joonas Korpisalo without a rebound.
7:51 of 3rd period - Morgan Geekie wins face-off versus Mikko Rantanen in Vancouver Canucks zone.
7:52 of 3rd period - Slapshot by Charlie McAvoy.
7:52 of 3rd period - Stopped by Joonas Korpisalo without a rebound.
7:53 of 3rd period - Vincent Trocheck wins face-off versus Aleksander Barkov in Vancouver Canucks zone.
7:58 of 3rd period - Wrist shot by Vincent Trocheck.
7:58 of 3rd period - Stopped by Joonas Korpisalo without a rebound.
7:59 of 3rd period - Vincent Trocheck wins face-off versus Aleksander Barkov in Vancouver Canucks zone.
8:03 of 3rd period - Minor Penalty to Jake Bean for Holding.
8:04 of 3rd period - Vincent Trocheck wins face-off versus Anton Lundell in Vancouver Canucks zone.
8:06 of 3rd period - Slapshot by Pavel Zacha.
8:06 of 3rd period - Shot Misses the Net.
8:08 of 3rd period - Snap shot by Phil Kessel.
8:08 of 3rd period - Shot Misses the Net.
8:10 of 3rd period - Backhand shot by Pavel Zacha.
8:10 of 3rd period - Stopped by Joonas Korpisalo without a rebound.
8:11 of 3rd period - Anton Lundell wins face-off versus Vincent Trocheck in Vancouver Canucks zone.
8:48 of 3rd period - Wrist shot by Joonas Donskoi.
8:48 of 3rd period - Shot Blocked by Noah Hanifin.
8:50 of 3rd period - Slapshot by Samuel Girard.
8:50 of 3rd period - Shot Blocked by Aleksander Barkov.
8:52 of 3rd period - Slapshot by Charlie McAvoy.
8:52 of 3rd period - Shot Misses the Net.
8:54 of 3rd period - Slapshot by Charlie McAvoy.
8:54 of 3rd period - Goal by Charlie McAvoy - Boston Bruins : 2 - Vancouver Canucks : 0.
8:55 of 3rd period - Vincent Trocheck wins face-off versus Aleksander Barkov in neutral zone.
9:10 of 3rd period - Wrist shot by Pavel Zacha.
9:10 of 3rd period - Deflect By Vincent Trocheck.
9:10 of 3rd period - Shot Blocked by Mikko Rantanen.
9:10 of 3rd period - Puck is out of play.
9:11 of 3rd period - Anton Lundell wins face-off versus Ryan Donato in Vancouver Canucks zone.
9:36 of 3rd period - Joel Farabee is hit by Alex Formenton and loses puck.
10:03 of 3rd period - Slapshot by Mikko Rantanen.
10:03 of 3rd period - Stopped by Olivier Rodrigue with a rebound.
11:19 of 3rd period - Charlie McAvoy is hit by Mikko Rantanen and loses puck.
11:34 of 3rd period - Aleksander Barkov is hit by Brock McGinn and loses puck.
11:54 of 3rd period - Slapshot by Robby Fabbri.
11:54 of 3rd period - Goal by Robby Fabbri - Boston Bruins : 2 - Vancouver Canucks : 1.
11:55 of 3rd period - Aleksander Barkov wins face-off versus Vincent Trocheck in neutral zone.
12:02 of 3rd period - Snap shot by Clayton Keller.
12:02 of 3rd period - Shot Blocked by Phil Kessel.
12:10 of 3rd period - Snap shot by Phil Kessel.
12:10 of 3rd period - Shot Misses the Net.
13:16 of 3rd period - Snap shot by Clayton Keller.
13:16 of 3rd period - Deflect By Charlie McAvoy.
13:16 of 3rd period - Stopped by Olivier Rodrigue with a rebound.
13:18 of 3rd period - Slapshot by Mikko Rantanen.
13:18 of 3rd period - Stopped by Olivier Rodrigue with a rebound.
13:20 of 3rd period - Wrist shot by Mikko Rantanen.
13:20 of 3rd period - Shot Misses the Net.
13:22 of 3rd period - Slapshot by Miro Heiskanen.
13:22 of 3rd period - Stopped by Olivier Rodrigue with a rebound.
13:24 of 3rd period - Wrist shot by Clayton Keller.
13:24 of 3rd period - Goal by Clayton Keller - Boston Bruins : 2 - Vancouver Canucks : 2.
13:25 of 3rd period - Anton Lundell wins face-off versus Vincent Trocheck in neutral zone.
13:41 of 3rd period - Sean Durzi is hit by Noah Hanifin and loses puck.
13:58 of 3rd period - Joel Farabee is hit by Casey Mittelstadt and loses puck.
14:23 of 3rd period - Slapshot by Anthony Beauvillier.
14:23 of 3rd period - Deflect By Taylor Raddysh.
14:23 of 3rd period - Shot Misses the Net.
14:23 of 3rd period - Puck is out of play.
14:24 of 3rd period - Vincent Trocheck wins face-off versus Anton Lundell in Vancouver Canucks zone.
14:31 of 3rd period - Wrist shot by Phil Kessel.
14:31 of 3rd period - Shot Misses the Net.
14:33 of 3rd period - Snap shot by Vincent Trocheck.
14:33 of 3rd period - Stopped by Joonas Korpisalo with a rebound.
14:35 of 3rd period - Slapshot by Phil Kessel.
14:35 of 3rd period - Shot Hit the Post.
14:40 of 3rd period - Double Minor Penalty to Nikita Zadorov for High sticking.
14:41 of 3rd period - Vincent Trocheck wins face-off versus Anton Lundell in Vancouver Canucks zone.
14:53 of 3rd period - Anton Lundell is hit by Phil Kessel and loses puck.
16:56 of 3rd period - Anton Lundell is hit by Anthony Beauvillier and loses puck.
18:38 of 3rd period - Nicholas Merkley is hit by Olli Maatta and loses puck.
18:40 of 3rd period - Penalty to Nikita Zadorov is over, Nikita Zadorov is back on ice.
19:05 of 3rd period - Clayton Keller is hit by Anthony Beauvillier and loses puck.
19:38 of 3rd period - Phil Kessel is hit by Robby Fabbri and loses puck.
Goals for this period are 1 for Boston Bruins vs 2 for Vancouver Canucks.
Shots for this period are 10 for Boston Bruins vs 8 for Vancouver Canucks.
Overtime #1
0:01 of 1st overtime period - Aleksander Barkov wins face-off versus Vincent Trocheck in neutral zone.
0:14 of 1st overtime period - Snap shot by Vincent Trocheck.
0:14 of 1st overtime period - Goal by Vincent Trocheck - Boston Bruins : 3 - Vancouver Canucks : 2.
Goals for this period are 1 for Boston Bruins vs 0 for Vancouver Canucks.
Shots for this period are 1 for Boston Bruins vs 0 for Vancouver Canucks.
Back to the Top